 Dungeon Crawl Stone Soup version 0.22-a0-412-g2b68d14 (webtiles) character file.

9 Borgoz the Skirmisher (level 2, 0/24 HPs)
             Began as a Demonspawn Abyssal Knight on May 12, 2018.
             Was a Follower of Lugonu.
             Slain by a giant cockroach (1 damage)
             ... on level 1 of the Dungeon.
             The game lasted 00:00:31 (244 turns).

Borgoz the Skirmisher (Demonspawn Abyssal Knight)    Turns: 244, Time: 00:00:32

Health: 0/24       AC:  3    Str: 12    XL:     2   Next: 3%
Magic:  3/3        EV: 11    Int: 13    God:    Lugonu [*.....]
Gold:   21         SH:  0    Dex: 12    Spells: 1/1 levels left

rFire    + . .     SeeInvis .   a - +1 hand axe
rCold    . . .     Gourm    .   (no shield)
rNeg     . . .     Faith    .   b - +0 leather armour
rPois    .         Spirit   .   (no helmet)
rElec    .         Reflect  .   (no cloak)
rCorr    .         Harm     .   (no gloves)
MR       .....                  (no boots)
Stlth    +.........             (no amulet)
HPRegen  0.08/turn              (no ring)
MPRegen  0.08/turn              (no ring)

@: no status effects
A: fire resistance 1
a: Depart the Abyss, Renounce Religion


You were on level 1 of the Dungeon.
You worshipped Lugonu.
Lugonu was aware of your devotion.
You were not hungry.

You visited 1 branch of the dungeon, and saw 1 of its levels.
You visited the Abyss 1 time.

You collected 21 gold pieces.

Inventory:

Hand Weapons
 a - a +1 hand axe (weapon)
Armour
 b - a +0 leather armour (worn)
Scrolls
 d - a scroll of magic mapping {unknown}
Comestibles
 c - a ration


   Skills:
 + Level 3.1 Fighting
 * Level 2.0 Axes
 + Level 1.9 Armour
 + Level 1.1 Dodging
 + Level 2.6 Invocations


You had one spell level left.
You didn't know any spells.
Your spell library contained the following spells:

 Spells                   Type           Power        Failure   Level  Hunger
 Bolt of Magma            Conj/Fire/Erth #.........   100%        5    ######.
 Venom Bolt               Conj/Pois      #.........   100%        5    ######.
 Iron Shot                Conj/Erth      #.........   100%        6    #######
 Orb of Destruction       Conj           #.........   100%        7    #######
 Iskenderun's Battlesphe  Conj/Chrm      #.......     100%        5    ######.
 Spellforged Servitor     Conj/Summ      #.........   100%        7    #######


Dungeon Overview and Level Annotations

Branches:
Dungeon (1/15)

Altars:


Innate Abilities, Weirdness & Mutations

Your flesh is heat resistant. (rF+)


Message History

The hobgoblin closely misses you. The giant cockroach bites you.
* * * LOW HITPOINT WARNING * * *
You barely miss the hobgoblin.
The hobgoblin is heavily wounded.
You hit the giant cockroach but do no damage.
You hit the rat. The rat bites you.
* * * LOW HITPOINT WARNING * * *
The giant cockroach misses you. The hobgoblin misses you.
The rat barely misses you.
You hit the hobgoblin.
You kill the hobgoblin!
Lugonu accepts your kill.
You have reached level 2!
Your demonic ancestry asserts itself...
You feel resistant to heat.
You completely miss the giant cockroach.
You closely miss the rat.
The giant cockroach bites you but does no damage.
The rat barely misses you. The giant cockroach bites you.
You die...

#........
#.......
#.......
#.......
#......#
##......######.
.....%r.†......
#....†@.##
#....s...#
#......#.#
.......##.#
....... #.## .#
....... #..##.#
....... ##.##.#
##...## #.##.#
#...## #..#.#


You could see a giant cockroach and a rat.

Vanquished Creatures
  A goblin (D:1)
  2 hobgoblins (D:1)
  4 kobolds (D:1)
  A bat (D:1)
  A frilled lizard (D:1)
9 creatures vanquished.

Notes
Turn   | Place    | Note
-------+----------+-------------------------------------------
     0 | Abyss:1  | Borgoz the Demonspawn Abyssal Knight began the quest for the Orb.
     0 | Abyss:1  | Reached XP level 1. HP: 18/18 MP: 2/2
    10 | Abyss:2  | Noticed a soul eater
    11 | Abyss:2  | Noticed an orange demon
    15 | D:1      | Escaped the Abyss
   181 | D:1      | Reached skill level 1 in Dodging
   185 | D:1      | Reached * piety under Lugonu
   244 | D:1      | Gained mutation: Your flesh is heat resistant. (rF+) [demonic ancestry]
   244 | D:1      | Reached XP level 2. HP: 1/24 MP: 3/3
   244 | D:1      | Slain by a giant cockroach

Vault maps used:
D:1:      dpeg_arrival_arbitrary_c
Abyss:1:  gammafunk_abyss_exit_x_factor
Abyss:2:  minivault_22, hangedman_abyss_or_decor_clamps

Skill      XL: |  1 |
---------------+----+-----
Dodging        | 1 |  1.1
Axes           | 2 |  2.0
Fighting       | |  3.1
Armour         | |  1.9
Invocations    | |  2.6

Action                   || total
-------------------------++-------
Melee: Hand axe          ||    33
Invok: Depart the Abyss  ||     1
Armor: Leather armour    ||     8
Dodge: Dodged            ||    28

Table legend:
 A = Spawn XP
 B = Non-spawn XP
 C = Spawn XP percentage of total XP
 D = Spawn monster count
 E = Non-spawn monster count
 F = Spawn count percentage of total count
 G = Total turns spent on level
                    A         B        C        D         E        F      G
               +---------+---------+-------+---------+---------+-------+---------
         Total |       0 |      13 |   0.0 |       0 |       9 |   0.0 |   244
               +---------+---------+-------+---------+---------+-------+---------
           D:1 |       0 |      13 |   0.0 |       0 |       9 |   0.0 |   229
               +---------+---------+-------+---------+---------+-------+---------
